 Dungeon Crawl Stone Soup version 0.24.0-37-gcf1ca852f1 (webtiles) character file.

Game seed: 17756220605180741665, levelgen mode: deterministic

4092 Mesmaeker13 the Destroyer (level 10, -6/93 HPs)
             Began as a Grey Draconian Conjurer on Nov 25, 2019.
             Was a Follower of Hepliaklqana.
             Killed by the air
             ... invoked by Gastronok
              (27 damage)
             ... on level 8 of the Dungeon.
             The game lasted 00:19:37 (10916 turns).

Mesmaeker13 the Destroyer (DrCj)                   Turns: 10916, Time: 00:19:38

Health: -6/93      AC: 25    Str: 10    XL:     10   Next: 5%
Magic:  15/16      EV:  2    Int: 21    God:    Hepliaklqana [*.....]
Gold:   175        SH:  5    Dex: 12    Spells: 7/17 levels left

rFire    . . .     SeeInvis .   r - +0 spear
rCold    + . .     Gourm    .   n - +0 buckler (curse)
rNeg     + + +     Faith    .   (armour unavailable)
rPois    +         Spirit   .   (helmet currently unavailable)
rElec    .         Reflect  .   (cloak currently unavailable)
rCorr    .         Harm     .   (gloves currently unavailable)
MR       .....     NoTele   +   (boots currently unavailable)
Stlth    ++........             d - amulet of the acrobat
HPRegen  0.25/turn              C - +2 ring of intelligence
MPRegen  0.15/turn              o - ring of protection from cold

@: tree-form, slowed, very slow
A: (walk through water), unfitting armour, reduced essence, AC +12
a: Recall Ancestor, Ancestor Identity, Renounce Religion


You were on level 8 of the Dungeon.
You worshipped Hepliaklqana.
Hepliaklqana was aware of your devotion.
You were very hungry.
You were a tree.
You visited 2 branches of the dungeon, and saw 9 of its levels.

You collected 347 gold pieces.
You spent 172 gold pieces at shops.

Inventory:

Hand Weapons
 r - a +0 spear (weapon)
 H - a +0 trident
Missiles
 q - a curare-tipped dart (quivered)
Armour
 n - a cursed +0 buckler (worn)
 y - a +2 pair of gloves (melded)
 D - a +0 pair of boots (melded)
Jewellery
 d - an amulet of the acrobat (around neck)
 e - an uncursed ring of flight
 o - a ring of protection from cold (right branch)
 A - an uncursed amulet of magic regeneration {unknown}
 C - a +2 ring of intelligence (left branch)
Scrolls
 a - 3 scrolls of teleportation
 c - 2 scrolls of enchant armour {unknown}
 j - a scroll of blinking {unknown}
 k - 6 scrolls of amnesia
 s - 6 scrolls of remove curse {unknown}
 u - 2 scrolls of enchant weapon {unknown}
 v - a scroll of fear {unknown}
 x - a scroll of magic mapping {unknown}
 z - a scroll of noise {unknown}
Potions
 f - 2 potions of haste {unknown}
 g - a potion of lignification
 h - 3 potions of curing
 i - a potion of magic {unknown}
 l - a potion of brilliance {unknown}
 m - 2 potions of degeneration {unknown}
 p - 2 potions of invisibility {unknown}
 t - 2 potions of resistance {unknown}
 w - a potion of heal wounds {unknown}
 E - 2 potions of flight {unknown}
 F - a potion of agility {unknown}
 G - a potion of might {unknown}
Comestibles
 b - 15 rations


   Skills:
 - Level 5.2 Dodging
 - Level 1.7 Stealth
 + Level 6.2 Shields
 - Level 4.2 Spellcasting
 + Level 9.4 Conjurations
 + Level 6.6 Hexes


You had 7 spell levels left.
You knew the following spells:

 Your Spells              Type           Power        Failure   Level  Hunger
a - Magic Dart            Conj           ####         1%          1    None
b - Searing Ray           Conj           #####.       1%          2    #......
c - Dazzling Spray        Conj/Hex       #####.       1%          3    ###....
d - Fulminant Prism       Conj/Hex       #####.....   4%          4    ####...

Your spell library contained the following spells:

 Spells                   Type           Power        Failure   Level  Hunger
 Iskenderun's Mystic Bla  Conj           #####...     2%          4    ####...
 Force Lance              Conj/Tloc      ###.....     17%         4    ####...


Dungeon Overview and Level Annotations

Branches:
Dungeon (8/15)             Temple (1/1) D:5            Lair (0/6) D:8

Altars:
Ashenzari
Cheibriados
Dithmenos
Elyvilon
Fedhas
Hepliaklqana
Kikubaaqudgha
Makhleb
Nemelex Xobeh
Okawaru
Qazlal
Ru
Sif Muna
Uskayaw
Vehumet
Wu Jian
Xom
The Shining One

Shops:
D:5 [

Annotations:
D:8 Gastronok, Pikel


Innate Abilities, Weirdness & Mutations

((You can walk through water.))
((Your dull iron-grey scales are very hard. (AC +12)))
You cannot fit into any form of body armour.
((You can survive without breathing.))
((You are cold-blooded and may be slowed by cold attacks.))
Your life essence is reduced to manifest your ancestor. (-10% HP)


Message History

You turn to wood and can move again.
Unknown command.
You feel better.
The river rat bites you but does no damage.
The basilisk bites you but does no damage.
The crocodile bites you.
* * * LOW HITPOINT WARNING * * *
The river rat barely misses you. The basilisk gazes at you.
You resist with some effort.
You feel better. The crocodile barely misses you.
The river rat bites you but does no damage.
The river rat bites you.
The basilisk bites you but does no damage.
The crocodile bites you!
* * * LOW HITPOINT WARNING * * *
The river rat bites you but does no damage.
Gastronok waves his eye-stalks in wide circles.
The air twists around and strikes you!!
You die...

####### .....# ## ..#.##.
##.#.#. # .....## .#
.#.##.#.#.#.#### ##
#.#.##.#..........# ..
#.#.#rt......# #.##
#..##..wr♣#...#.## #...##
####..##...#.l......##.....#
.....##...##.##.#..........
####..##...##.##.##.#.P....#
.......<.........##..$...P..
####.....<....../.........P.
.######.......#.###....P....P..
..........##..#.# #.P...♣.....P
##.###.####..#.# #.....P.P....


You could see Gastronok, a basilisk, a crocodile and 2 river rats.

Vanquished Creatures
  3 yaks
  A basilisk (D:8)
  An orc warrior (D:6)
  2 porcupines (D:8)
  2 slaves (D:8)
  A sky beast (D:7)
  2 ice beasts (D:5)
  6 ogres
  2 crocodiles (D:8)
  A centaur (D:7)
  2 big kobolds
  2 bullfrogs (D:7)
  2 scorpions
  6 killer bees (D:7)
  5 howler monkeys
  2 crimson imps (D:7)
  A quasit (D:5)
  3 hounds
  A centaur skeleton (D:5)
  4 orc priests
  A bullfrog skeleton (D:7)
  7 orc wizards
  6 worker ants
  2 iguanas
  Robin (D:4)
  A worker ant zombie (D:4)
  7 adders
  A shadow imp (D:7)
  2 adder skeletons
  3 worms
  3 dart slugs
  6 leopard geckos
  25 orcs
  6 giant cockroaches
  22 goblins
  16 hobgoblins
  9 jackals
  2 quokkas
  2 ball pythons (D:1)
  5 bats
  4 frilled lizards
  12 kobolds
  10 rats
202 creatures vanquished.

Vanquished Creatures (collateral kills)
  A slave (D:8)
  An ogre (D:6)
  A centaur (D:8)
  A bullfrog (D:6)
  An orc priest (D:6)
  An orc wizard (D:6)
  2 worker ants
  A killer bee zombie (D:6)
  A howler monkey zombie (D:6)
  3 shadow imps
  2 adder skeletons
  6 orcs
  A giant cockroach (D:6)
  A jackal (D:6)
  2 quokkas
  3 kobolds (D:7)
28 creatures vanquished.

Vanquished Creatures (others)
  8 ancestors
  3 fulminant prisms
  2 fungi (D:8)
  2 plants (D:8)
15 creatures vanquished.

Grand Total: 245 creatures vanquished

Notes
Turn   | Place    | Note
-------+----------+-------------------------------------------
     0 | D:1      | Mesmaeker13 the Draconian Conjurer began the quest for the
                  | Orb.
     0 | D:1      | Reached XP level 1. HP: 14/14 MP: 3/3
   442 | D:1      | Reached XP level 2. HP: 15/20 MP: 0/5
  1166 | D:1      | Reached XP level 3. HP: 25/26 MP: 1/6
  1307 | D:1      | Found a sparkling altar of Nemelex Xobeh.
  1814 | D:2      | Learned a level 2 spell: Searing Ray
  1841 | D:2      | Found a stormy altar of Qazlal.
  1842 | D:2      | You fall into a shaft and drop 1 floor!
  2587 | D:2      | Reached XP level 4. HP: 24/33 MP: 3/8
  3585 | D:3      | Learned a level 3 spell: Dazzling Spray
  4004 | D:3      | Reached XP level 5. HP: 17/38 MP: 3/9
  4451 | D:3      | Reached skill level 5 in Conjurations
  4951 | D:4      | Noticed an ogre
  5037 | D:4      | Killed an ogre
  5037 | D:4      | Reached XP level 6. HP: 45/45 MP: 5/11
  5506 | D:4      | Noticed Robin
  5534 | D:4      | Killed Robin
  5890 | D:4      | Learned a level 4 spell: Fulminant Prism
  6208 | D:4      | Reached skill level 6 in Conjurations
  6208 | D:4      | Reached skill level 1 in Hexes
  6208 | D:4      | Your scales start taking on a dull iron-grey colour.
  6208 | D:4      | Reached XP level 7. HP: 50/50 MP: 6/13
  6208 | D:4      | Gained mutation: You can survive without breathing. [Grey
                  | Draconian growth]
  6856 | D:5      | Entered Level 5 of the Dungeon
  7011 | D:5      | Reached skill level 5 in Dodging
  7350 | D:5      | Reached XP level 8. HP: 57/57 MP: 6/14
  7541 | D:5      | Found Ciotot's Antique Armour Shop.
  7544 | D:5      | Bought a pair of glowing gloves for 172 gold pieces
  7591 | D:5      | Found a staircase to the Ecumenical Temple.
  7608 | Temple   | Entered the Ecumenical Temple
  7690 | Temple   | Became a worshipper of Hepliaklqana the Forgotten
  7904 | D:5      | Reached skill level 1 in Shields
  7938 | D:5      | Found a white marble altar of Elyvilon.
  7942 | D:5      | Found a stormy altar of Qazlal.
  8022 | D:5      | Found a burning altar of Makhleb.
  8148 | D:5      | Found a shimmering blue altar of Sif Muna.
  8158 | D:5      | Reached skill level 7 in Conjurations
  8174 | D:5      | Identified Sif Muna's Volume of Combat Magic
  8741 | D:6      | Found a shimmering altar of Xom.
  8771 | D:6      | Reached * piety under Hepliaklqana
  9129 | D:7      | Reached XP level 9. HP: 55/55 MP: 6/15
  9145 | D:7      | Reached skill level 8 in Conjurations
  9465 | D:7      | Reached skill level 5 in Hexes
 10049 | D:7      | Reached skill level 5 in Shields
 10420 | D:8      | Reached skill level 9 in Conjurations
 10432 | D:8      | Noticed Gastronok
 10522 | D:8      | Found a staircase to the Lair.
 10708 | D:8      | Reached XP level 10. HP: 62/62 MP: 12/16
 10790 | D:8      | Noticed Pikel
 10916 | D:8      | Killed from afar by Gastronok

Levels and vault maps discovered:
D:1:      dpeg_cavernosity, layout_basic, minmay_hexomino_r4
D:2:      layout_basic, nicolae_qazlal_general_emergency
D:3:      layout_basic, minmay_quadrilaterals
D:4:      minmay_chambers_of_fours, layout_basic, first_ration,
          grunt_ministairs_10, uniq_robin
D:5:      layout_cave_pools, led_sif_book, minmay_overflow_temple_star_quad,
          minmay_temple_entry_stoned_glass, serial_shops,
          nicolae_shop_window_shopping
D:6:      layout_cave_pools, overflow_temple_1_default, mrwooster_statue_mirror
D:7:      layout_loops_ring, grunt_ogre_cave
D:8:      layout_loops_ring, yredelemnul_forgotten_temple_becter,
          amethyst_overflow_temple_binary, minmay_lair_entry_grove, st_stairs_4,
          uniq_pikel, uniq_gastronok, uniq_maurice
Temple:   dshaligram_water_room_temple

Skill      XL: |  1  2  3  4  5  6  7  8  9 |
---------------+----------------------------+-----
Dodging        | 2 3 4 5 |  5.2
Spellcasting   | 3 4 |  4.2
Conjurations   | 5 6 7 9 |  9.4
Hexes          | 1 3 4 6 |  6.6
Shields        | 3 6 |  6.2
Stealth        | |  1.7

Action                   |  1- 3 |  4- 6 |  7- 9 | 10-12 || total
-------------------------+-------+-------+-------+-------++-------
Melee: Dagger            |    51 |     2 |       |       ||    53
       Unarmed           |    10 |       |       |       ||    10
       Tailslap          |     8 |     2 |    23 |       ||    33
       Spear             |       |    27 |   174 |    14 ||   215
Throw: Dart              |       |     9 |    23 |     1 ||    33
       Throwing net      |       |       |     1 |       ||     1
 Cast: Magic Dart        |    89 |    94 |    45 |     2 ||   230
       Searing Ray       |       |    21 |    45 |     5 ||    71
       Fulminant Prism   |       |       |     3 |       ||     3
Invok: Recall Ancestor   |       |       |     1 |       ||     1
  Use: Scroll            |     1 |     1 |     3 |     1 ||     6
       Potion            |       |       |     1 |     3 ||     4
 Stab: Sleeping          |     1 |       |     2 |       ||     3
       Distracted        |       |       |     1 |       ||     1
  Eat: Chunk             |     6 |     9 |    15 |       ||    30
       Ration            |       |     1 |       |       ||     1
Armor: Skin              |    24 |    19 |    82 |    30 ||   155
Dodge: Dodged            |    46 |    46 |   168 |    25 ||   285
Block: Buckler           |       |    12 |    36 |     3 ||    51
